AoeStats
← Axel Sage

Arena

504350776Analyzed
1v1 RM · 26d ago on Sep 5, 2026· 47m 43s· 2 players
Game mode
Random Map
Map size
Tiny (2 player)
Population
200
Speed
Normal
Resources
Standard
Victory
Conquest
Starting age
Dark Age
Ending age
Imperial Age
RankedLock teamsTeams togetherTeam positionsShared explorationLock speedFull tech treeHidden civsTurbo modeCheats
Victory
Defeat
🇨🇴 Japanese · Colombia
658
+15
🇹🇷 Turks · Türkiye
639
-15
Axel Sage
9:52 Feudal Age
10:30 Double-Bit Axe
16:20 Horse Collar
17:47 Fletching
18:00 Padded Archer Armor
20:17 Castle Age
19:09 Gold Mining
20:06 Stone Mining
21:21 Bow Saw
23:15 Gold Shaft Mining
25:14 Bloodlines
25:04 Husbandry
27:29 Ballistics
27:22 Masonry
28:56 Wheelbarrow
28:49 Heavy Plow
30:08 Fortified Wall
30:19 Town Watch
33:20 Sipahi
35:57 Bodkin Arrow
36:19 Leather Archer Armor
37:54 Sanctity
37:45 Fervor
44:06 Scale Barding Armor
44:13 Forging
47:45 Chain Barding Armor
NikolastrA
11:18 Feudal Age
10:24 Loom
12:04 Double-Bit Axe
12:09 Town Watch
14:35 Horse Collar
22:19 Castle Age
20:26 Padded Archer Armor
20:57 Fletching
21:43 Forging
21:34 Gold Mining
22:51 Scale Barding Armor
23:20 Light Cavalry
25:26 Leather Archer Armor
24:36 Elite Skirmisher
27:32 Bodkin Arrow
28:01 Bow Saw
29:10 Stone Mining
29:49 Heavy Plow
30:33 Gold Shaft Mining
32:54 Wheelbarrow
35:24 Imperial Age
32:48 Pikeman
33:29 Squires
33:38 Town Patrol
35:50 Chain Barding Armor
36:15 Fervor
37:20 Conscription
37:40 Ring Archer Armor
38:12 Cavalier
39:39 Scale Mail Armor
42:40 Bracer
42:46 Husbandry
42:59 Yasama
44:54 Two-Man Saw
43:38 Man-at-Arms
44:04 Gambesons
45:21 Chain Mail Armor
46:14 Iron Casting
47:27 Plate Mail Armor
47:09 Bloodlines
Connection lost

Rejoining the realm…

Still unreachable

The connection could not be restored.

Session expired

The server has moved on; the page needs a fresh start.